 Dungeon Crawl Stone Soup version 0.21-a0-278-ga722497 (webtiles) character file.

103233 CanOfBees the Warrior (level 15, -2/144 HPs)
             Began as a Minotaur Fighter on Sept 20, 2017.
             Was the Champion of Okawaru.
             Slain by Rupert
             ... wielding a +4 battleaxe of electrocution
              (5 damage)
             ... on level 1 of the Orcish Mines on Sept 21, 2017.
             The game lasted 01:24:09 (34013 turns).

CanOfBees the Warrior (Minotaur Fighter)           Turns: 34013, Time: 01:24:10

Health: -2/144     AC: 29    Str: 25    XL:     15   Next: 88%
Magic:  25/27      EV: 11    Int:  8    God:    Okawaru [******]
Gold:   2020       SH:  4    Dex: 10    Spells: 30/33 levels left

rFire    + . .     SeeInvis .   B - +9 great mace (protect)
rCold    . . .     Gourm    +   (shield currently unavailable)
rNeg     . . .     Faith    .   y - +2 plate armour
rPois    +         Spirit   .   Z - +0 hat {Int+3}
rElec    .         Reflect  .   G - +1 cloak
rCorr    .         Harm     .   z - +1 pair of gloves {archery}
MR       +....                  c - +0 pair of boots of the Bard {Stlth+}
Stlth    ..........             d - amulet of the gourmand
HPRegen  0.34/turn              U - ring of poison resistance
MPRegen  0.20/turn              T - ring of protection from fire

@: infused, singing, protection aura
A: retaliatory headbutt, horns 2, large bone plates 1, clumsy 1, wild magic 1
a: Heroism, Finesse, Renounce Religion


You were on level 1 of the Orcish Mines.
You worshipped Okawaru.
Okawaru was exalted by your worship.
You were full.

You visited 4 branches of the dungeon, and saw 24 of its levels.
You also visited: Ossuary and Ice Cave.

You collected 2020 gold pieces.

Inventory:

Hand Weapons
 m - the +10 dire flail "Cedeec" {freeze, rF+ rN+}
   (Okawaru gifted it to you in an ice cave)

   It has been specially enchanted to freeze those struck by it, causing extra
   injury to most foes and up to half again as much damage against particularly
   susceptible opponents.
   It can also slow down cold-blooded creatures.
   It protects you from fire.
   It protects you from negative energy.
 B - a +9 great mace of protection (weapon)
 X - the +10 hunting sling "Ydyfrul" {velocity, rF+}
   (You found it in an ice cave)

   Any stone fired from it inflicts extra damage.
   It protects you from fire.
Missiles
 g - 140 sling bullets (quivered)
Armour
 c - the +0 pair of boots of the Bard (worn) {Stlth+}
   (You acquired it on level 12 of the Dungeon)

   It makes you more stealthy.
 y - a +2 plate armour (worn)
 z - a +1 pair of gloves of archery (worn)
 G - a +1 cloak (worn)
 Z - a +0 hat of intelligence (worn)
Jewellery
 d - an amulet of the gourmand (around neck)
 T - a ring of protection from fire (right hand)
 U - a ring of poison resistance (left hand)
Wands
 e - a wand of acid (12/15)
 j - a wand of confusion (24/48)
 k - a wand of lightning (11/15)
 s - a wand of flame (23/48)
 F - a wand of confusion (20/48)
 O - a wand of iceblast (4/15)
 R - a wand of flame (24/48)
 S - a wand of digging (20/24)
 V - a wand of disintegration (19/24)
Scrolls
 l - 6 scrolls of immolation
 n - 2 scrolls of fog
 o - 5 scrolls of recharging
 p - 7 scrolls of teleportation
 w - a scroll of magic mapping
 D - 5 scrolls of remove curse
 H - a scroll of summoning
 I - a scroll of holy word
 P - 2 scrolls of vulnerability
 W - a scroll of torment
 Y - 2 scrolls of blinking
Potions
 a - a potion of brilliance
 h - 6 potions of haste
 q - 12 potions of curing
 r - a potion of invisibility
 v - 2 potions of lignification
 x - 6 potions of agility
 A - 2 potions of berserk rage
 J - 2 potions of magic
 K - a potion of heal wounds
 L - 6 potions of might
 M - 3 potions of ambrosia
 N - 3 potions of flight
Miscellaneous
 t - a lightning rod (4/4)
 Q - a phial of floods
Comestibles
 b - 17 fruits
 f - 22 bread rations
 i - 9 meat rations
 u - 7 chunks of flesh
 C - 5 royal jellies


   Skills:
 + Level 16.0 Fighting
 + Level 15.8 Maces & Flails
 - Level 10.0 Armour
 + Level 10.9 Dodging
   Level 3.6 Shields
 - Level 9.6 Spellcasting
 - Level 7.1 Charms
 - Level 10.6 Invocations
 * Level 2.4 Evocations


You had 30 spell levels left.
You knew the following spells:

 Your Spells              Type           Power        Failure   Level  Hunger
a - Infusion              Chrm           ###.         13%         1    None
b - Song of Slaying       Chrm           ###.....     19%         2    ##.....


Dungeon Overview and Level Annotations

Branches:
Dungeon (15/15)            Temple (1/1) D:6            Lair (6/6) D:8
  Swamp (0/4) Lair:4       Spider (0/4) Lair:3        Slime (0/5) Lair:5
    Orc (2/2) D:9             Elf (0/3) Orc:2        Vaults (0/5) D:13
 Depths (0/5) D:15

Altars:
Ashenzari
Cheibriados
Dithmenos
Elyvilon
Fedhas
Hepliaklqana
Kikubaaqudgha
Makhleb
Nemelex Xobeh
Okawaru
Qazlal
Ru
Sif Muna
Uskayaw
Vehumet
Wu Jian
Xom
Yredelemnul
Zin
Jiyva

Annotations:
Orc:1 Rupert


Innate Abilities, Weirdness & Mutations

You reflexively headbutt those who attack you in melee.
You have a pair of horns on your head.
You are partially covered in large bone plates. (SH +4)
You are clumsy. (Dex -2)
Your spells are a little harder to cast, but a little more powerful.


Message History

The cyclops barely misses you.
Unknown command.
Your orc wizard closely misses the ogre.
Your orc hits the ogre with a flail.
The ogre hits your orc with a giant club.
You barely miss Rupert.
Rupert hits you with a battleaxe of electrocution!!
* * * LOW HITPOINT WARNING * * *
Rupert hits your orc with a battleaxe of electrocution!!
Your orc dies!
Your orc's corpse dissolves into shadows!
Rupert closely misses your orc warrior.
Your orc wizard casts a spell.
Your orc wizard seems to speed up.
Your orc hits the ogre with a flail!
The ogre dies!
Okawaru accepts your kill.
Your plate armour prevents you from hitting Rupert.
Rupert hits you with a battleaxe of electrocution.
You die...

###### ##.##.## ###
##......# ##.######
###....#.##
#...#.#.####.#....###
##.......##.........##
#.......#.#.#.......#
##..........#......##
#...)...)...@o.....#
##..)##.....C@)oo...##
##.....#...[).[><.....#
#..............[o)....#
##........##.#..ooo..##
##.#........#.##......#
#...####..............##
#...###.....#.#........#
##....#..#....#.......##


You could see Rupert (berserk), a cyclops, a friendly orc warrior, 3 friendly
orc wizards and 3 friendly orcs.

Vanquished Creatures
  Kirke (D:15)
  Gastronok (D:12)
  A frost giant (IceCv)
  The ghost of Iodinin the Basher, a journeyman TrFi of Nemelex Xobeh (Lair:6)
  A fire dragon (D:15)
  An ice dragon (D:15)
  4 hydras
  Erolcha (Orc:2)
  A catoblepas (Lair:6)
  16 two-headed ogres
  2 centaur warriors (D:15)
  3 ogre magi
  11 death yaks (Lair:6)
  A deep troll shaman (Lair:6)
  An iron troll (D:13)
  An unseen horror (D:11)
  A lindwurm (D:13)
  A necromancer (D:13)
  An orc knight (Orc:1)
  7 slime creatures
  3 manticores
  An oklob plant (Lair:5)
  8 ugly things
  3 cyclopes
  5 black mambas
  An ice statue (IceCv)
  29 elephants
  15 spiny frogs
  2 torpor snails
  A gargoyle (D:14)
  3 rime drakes
  8 komodo dragons
  2 kobold demonologists (D:13)
  A merfolk (D:10)
  16 polar bears
  8 trolls
  A wind drake (shapeshifter) (D:14)
  15 blink frogs
  6 dream sheep
  8 hippogriffs
  Sigmund (D:6)
  A centaur simulacrum (D:15)
  2 shadows
  A vampire (D:15)
  4 wraiths
  8 wyverns
  A spriggan (D:9)
  A hog (D:15)
  60 yaks
  3 basilisks
  3 hungry ghosts
  A soldier ant (D:13)
  6 swamp worms (Lair:4)
  A soldier ant (shapeshifter) (D:14)
  An acid dragon (D:8)
  16 water moccasins
  4 porcupines
  13 orc warriors
  4 ice beasts
  2 necrophages
  3 phantoms
  6 black bears (D:10)
  14 ogres
  3 sky beasts
  16 centaurs
  30 wolves
  13 crocodiles
  4 big kobolds
  24 bullfrogs
  2 gnoll sergeants (D:10)
  A water moccasin skeleton (D:10)
  7 scorpions
  2 wyvern skeletons
  9 killer bees
  9 electric eels
  6 howler monkeys
  10 wights
  10 crimson imps
  A centaur zombie (D:6)
  A bullfrog zombie (D:9)
  3 jellies
  6 orc priests
  5 centaur skeletons
  7 hounds
  11 orc wizards
  A bullfrog skeleton (D:6)
  3 gnoll shamans
  6 iguanas
  9 worker ants
  A hound skeleton (D:5)
  12 mummies (Ossuary)
  12 gnolls
  13 adders
  4 shadow imps
  An ooze (D:4)
  2 worms (D:2)
  3 dart slugs
  8 leopard geckos
  56 orcs
  2 ball pythons
  5 giant cockroaches
  15 goblins
  8 hobgoblins
  11 jackals
  7 quokkas
  12 bats
  A frilled lizard (D:2)
  A gnoll skeleton (Ossuary)
  3 goblin skeletons (Ossuary)
  13 kobolds
  2 kobold skeletons (Ossuary)
  2 orc skeletons (Ossuary)
  A quokka zombie (D:5)
  9 rats
  11 rat skeletons (Ossuary)
  A fungus (Lair:6)
  2 plants
766 creatures vanquished.

Vanquished Creatures (collateral kills)
  An ogre (Orc:1)
1 creature vanquished.

Vanquished Creatures (others)
  A two-headed ogre (D:15)
  An unseen horror (D:14)
  A polar bear (IceCv)
  A yak (IceCv)
  3 wolves (IceCv)
  5 humans
  An ogre (D:15)
  4 bushes (Lair:6)
  22 fungi
  59 plants
98 creatures vanquished.

Grand Total: 865 creatures vanquished

Notes
Turn   | Place    | Note
-------+----------+-------------------------------------------
     0 | D:1      | CanOfBees the Minotaur Fighter began the quest for the Orb.
     0 | D:1      | Reached XP level 1. HP: 19/19 MP: 0/0
   322 | D:1      | Reached XP level 2. HP: 27/27 MP: 1/1
   545 | D:1      | Reached skill level 1 in Dodging
   560 | D:1      | Reached skill level 4 in Fighting
   839 | D:2      | Reached XP level 3. HP: 29/33 MP: 2/2
   920 | D:2      | Found an ancient bone altar of Kikubaaqudgha.
  1140 | D:2      | You fall through a shaft!
  1183 | D:3      | Found an ornate altar of the Wu Jian Council.
  1234 | D:2      | Reached XP level 4. HP: 34/41 MP: 3/3
  1485 | D:2      | You fall through a shaft for 2 floors!
  1524 | D:4      | Reached skill level 5 in Fighting
  1524 | D:4      | Reached XP level 5. HP: 21/48 MP: 4/4
  1598 | D:4      | Reached XP level 6. HP: 25/56 MP: 5/5
  1623 | D:3      | Reached skill level 5 in Maces & Flails
  2721 | D:4      | Reached skill level 6 in Fighting
  2773 | D:5      | Entered Level 5 of the Dungeon
  2851 | D:5      | Reached XP level 7. HP: 57/63 MP: 6/6
  3141 | D:5      | Reached skill level 5 in Armour
  3441 | D:5      | Reached skill level 7 in Fighting
  3680 | D:6      | Reached XP level 8. HP: 69/73 MP: 7/7
  3727 | D:6      | Found a staircase to the Ecumenical Temple.
  3739 | Temple   | Entered the Ecumenical Temple
  3814 | Temple   | Became a worshipper of Warmaster Okawaru
  3901 | D:6      | Reached skill level 1 in Invocations
  4198 | D:6      | Found a radiant altar of Vehumet.
  4199 | D:6      | Found a burning altar of Makhleb.
  4526 | D:6      | Noticed Sigmund
  4555 | D:6      | Killed Sigmund
  4989 | D:7      | Reached * piety under Okawaru
  5042 | D:7      | Found a sand-covered staircase.
  5050 | Ossuary  | Entered an ossuary
  5077 | Ossuary  | Reached skill level 8 in Fighting
  5589 | D:7      | Found a blossoming altar of Fedhas.
  5861 | D:7      | Found an ancient bone altar of Kikubaaqudgha.
  6042 | D:8      | Reached XP level 9. HP: 45/82 MP: 11/11
  6358 | D:8      | Reached ** piety under Okawaru
  6477 | D:8      | Found a sparkling altar of Nemelex Xobeh.
  6479 | D:8      | Found a deep blue altar of Sif Muna.
  6481 | D:8      | Found a shimmering altar of Xom.
  6505 | D:8      | Reached skill level 5 in Invocations
  6941 | D:8      | Noticed a komodo dragon
  7309 | D:8      | Killed a komodo dragon
  7410 | D:8      | Reached skill level 9 in Fighting
  7708 | D:8      | Noticed a two-headed ogre
  7718 | D:8      | Reached *** piety under Okawaru
  7726 | D:8      | Killed a two-headed ogre
  7726 | D:8      | Reached XP level 10. HP: 42/91 MP: 12/14
  7970 | D:8      | Found a staircase to the Lair.
  8293 | D:9      | Reached **** piety under Okawaru
  8356 | D:9      | Received a gift from Okawaru
  8438 | D:9      | Found a burning altar of Makhleb.
  8568 | D:9      | Found a basalt altar of Yredelemnul.
  8646 | D:9      | Received a gift from Okawaru
  8976 | D:9      | Found a blossoming altar of Fedhas.
  9002 | D:9      | Found a glowing silver altar of Zin.
  9003 | D:9      | Found a stormy altar of Qazlal.
  9004 | D:9      | Found a sacrificial altar of Ru.
  9004 | D:9      | Found a shimmering altar of Xom.
  9014 | D:9      | Reached skill level 10 in Fighting
  9125 | D:9      | Reached skill level 10 in Maces & Flails
  9347 | D:9      | Found a staircase to the Orcish Mines.
  9540 | D:10     | Entered Level 10 of the Dungeon
  9557 | D:10     | Reached skill level 5 in Dodging
  9624 | D:10     | Reached ***** piety under Okawaru
  9624 | D:10     | Reached skill level 1 in Spellcasting
 10005 | D:10     | Reached XP level 11. HP: 101/101 MP: 16/16
 10268 | D:10     | Noticed a two-headed ogre
 10312 | D:10     | Killed a two-headed ogre
 10312 | D:10     | Received a gift from Okawaru
 10914 | D:10     | Reached skill level 11 in Fighting
 11171 | D:10     | Reached skill level 5 in Spellcasting
 11579 | D:10     | Received a gift from Okawaru
 11741 | D:10     | Learned a level 1 spell: Infusion
 11841 | D:10     | Found a sparkling altar of Nemelex Xobeh.
 11952 | D:10     | Noticed a two-headed ogre
 11962 | D:10     | Killed a two-headed ogre
 12830 | Lair:1   | Entered Level 1 of the Lair of Beasts
 12839 | Lair:1   | Gained mutation: Your spells are a little easier to cast, but a little less powerful. [potion of mutation]
 12839 | Lair:1   | Gained mutation: Your body sometimes deteriorates upon taking damage. [potion of mutation]
 12839 | Lair:1   | Gained mutation: You have a pair of large horns on your head. [potion of mutation]
 12990 | Lair:1   | Reached XP level 12. HP: 108/110 MP: 20/20
 13662 | Lair:1   | Reached skill level 10 in Invocations
 14284 | Lair:2   | Reached skill level 12 in Fighting
 14513 | Lair:1   | Lost mutation: Your body sometimes deteriorates upon taking damage. [potion of mutation]
 14513 | Lair:1   | Lost mutation: Your spells are a little easier to cast, but a little less powerful. [potion of mutation]
 14513 | Lair:1   | Lost mutation: You have a pair of large horns on your head. [potion of mutation]
 14513 | Lair:1   | Gained mutation: You are clumsy. (Dex -2) [potion of mutation]
 14513 | Lair:1   | Gained mutation: You are partially covered in large bone plates. (SH +4) [potion of mutation]
 14513 | Lair:1   | Gained mutation: Your spells are a little harder to cast, but a little more powerful. [potion of mutation]
 14857 | Lair:2   | Noticed a four-headed hydra
 14868 | Lair:2   | Killed a one-headed hydra
 14868 | Lair:2   | Reached ****** piety under Okawaru
 15707 | Lair:3   | Found a hole to the Spider Nest.
 15900 | Lair:3   | Received a gift from Okawaru
 16802 | Lair:4   | Noticed an eight-headed hydra
 16821 | Lair:3   | Killed an eight-headed hydra
 17365 | Lair:4   | Found a blossoming altar of Fedhas.
 17675 | Lair:4   | Reached XP level 13. HP: 85/119 MP: 25/25
 18008 | Lair:4   | Received a gift from Okawaru
 18395 | Lair:4   | Found a staircase to the Swamp.
 18563 | Lair:5   | Reached skill level 13 in Fighting
 18829 | Lair:5   | Reached skill level 1 in Charms
 19267 | Lair:5   | Found a staircase to the Slime Pits.
 19271 | Lair:5   | Found a viscous altar of Jiyva.
 19380 | Lair:5   | Reached skill level 10 in Armour
 19495 | Lair:1   | Learned a level 2 spell: Song of Slaying
 19655 | Lair:5   | Received a gift from Okawaru
 19908 | Lair:6   | Entered Level 6 of the Lair of Beasts
 19980 | Lair:6   | Noticed Iodinin's ghost (journeyman TrFi)
 20040 | Lair:6   | Killed Iodinin's ghost
 20878 | Lair:6   | Reached XP level 14. HP: 85/130 MP: 26/26
 21494 | Lair:6   | Reached skill level 5 in Charms
 21675 | Lair:6   | Reached skill level 14 in Fighting
 21770 | Lair:6   | Received a gift from Okawaru
 24192 | D:12     | Received a gift from Okawaru
 24197 | D:12     | Got a transparent demon whip {god gift}
 24200 | D:12     | Identified the +3 demon whip of Dividends {slash, Int+2 SInv} (Okawaru gifted it to you on level 12 of the Dungeon)
 24222 | D:12     | Noticed Gastronok
 24237 | D:12     | Killed Gastronok
 24617 | D:12     | Identified a scroll of acquirement
 24629 | D:12     | Got a pair of spiked boots
 24635 | D:12     | Identified the +0 pair of boots of the Bard {Stlth+} (You acquired it on level 12 of the Dungeon)
 25467 | D:13     | Found a frozen archway.
 25491 | IceCv    | Entered an ice cave
 26305 | IceCv    | Reached XP level 15. HP: 129/139 MP: 27/27
 26354 | IceCv    | Received a gift from Okawaru
 26432 | IceCv    | Got a crude dire flail {god gift}
 26435 | IceCv    | Identified the +10 dire flail "Cedeec" {freeze, rF+ rN+} (Okawaru gifted it to you in an ice cave)
 26869 | IceCv    | Noticed a frost giant
 26887 | IceCv    | Killed a frost giant
 27135 | IceCv    | Got a transparent hunting sling
 27137 | IceCv    | Identified the +10 hunting sling "Ydyfrul" {velocity, rF+} (You found it in an ice cave)
 29102 | D:13     | Reached skill level 15 in Fighting
 29259 | D:13     | Found a gate to the Vaults.
 29561 | D:14     | Received a gift from Okawaru
 29566 | D:14     | Reached skill level 15 in Maces & Flails
 29680 | D:14     | Got a translucent bone amulet
 29720 | D:14     | Found a blossoming altar of Fedhas.
 30462 | D:15     | Entered Level 15 of the Dungeon
 30580 | D:15     | Noticed Kirke
 30592 | D:15     | Killed Kirke
 30607 | D:15     | Reached skill level 10 in Dodging
 30660 | D:15     | Identified the amulet of No Interval {Gourm Fragile +Inv Int+2} (You found it on level 14 of the Dungeon)
 30847 | D:15     | HP: 7/141 [two-headed ogre/giant club (16)]
 30847 | D:15     | HP: 1/141 [two-headed ogre/giant club (6)]
 31712 | D:15     | Found a staircase to the Depths.
 32732 | Orc:1    | Entered Level 1 of the Orcish Mines
 32895 | Orc:2    | Entered Level 2 of the Orcish Mines
 32895 | Orc:2    | Found a staircase to the Elven Halls.
 33051 | Orc:2    | Noticed Erolcha
 33064 | Orc:2    | Killed Erolcha
 33118 | Orc:2    | Reached skill level 1 in Evocations
 33479 | Orc:1    | Reached skill level 16 in Fighting
 33962 | Orc:1    | Received a gift from Okawaru
 33998 | Orc:2    | Noticed Rupert
 33998 | Orc:2    | Paralysed by Rupert for 5 turns
 34012 | Orc:1    | HP: 2/144 [Rupert/battleaxe of electrocution (25)]
 34013 | Orc:1    | Slain by Rupert

Vault maps used:
D:1:      scummos_arrival_gate, hangedman_abyss_or_decor_lesser_grid,
          minmay_cupped
D:2:      kiku_gazebo_garden_becter
D:3:      corexii_shack_village, lemuel_crystal_altar
D:5:      first_bread
D:6:      grunt_temple_overflow_lords_of_destruction, temple_fountains,
          minmay_misc_feat_more_columns, grunt_decor_arrowhead, uniq_sigmund
D:7:      nicolae_ossuary_entry_ruins, basic_altar, tgw_kikubaaqudgha
D:8:      grunt_temple_overflow_open, erik_lair_dragon
D:9:      minmay_the_grid_octo_tiled_squarecenter, lemuel_crystal_altar,
          serial_column_ruins, column_ruins_temple_circle,
          column_ruins_columns_straight, column_ruins_columns_straight,
          column_ruins_open_medium_water, column_ruins_grid_2,
          column_ruins_columns_straight, the_bakery,
          fedhas_bush_and_centaur_altar
D:10:     kennysheep_town
D:12:     uniq_gastronok
D:13:     david_vaults_4, portal_ice_cave_entry_pillars_1
D:14:     abandoned_shop, basic_altar, hangedman_glass_teeth
D:15:     grunt_enter_depths_hoard, grunt_decor_mini_mirrors, uniq_kirke
Temple:   jpeg_temple_clearing
Lair:1:   grunt_megastairs_1
Lair:2:   serial_bayou_shore_b
Lair:3:   spider_nest_entry_web_field
Lair:4:   nicolae_swamp_entry_splash_gauntlet, basic_altar,
          infiniplex_staircase_pool_2
Lair:5:   slime_altar_1
Lair:6:   grunt_lair_end_beastmaster, lemuel_fruit_tree,
          infiniplex_staircase_pool, grunt_megastairs_2, serial_bayou_shore_a
Orc:2:    st_orc_open, serial_shops, bzr_entry_customers, uniq_rupert,
          uniq_erolcha, uniq_josephine
Ossuary:  ossuary_due_small_catacomb
IceCv:    ice_cave_caverns_02

Skill      XL: |  1  2  3  4  5  6  7  8  9 10 11 12 13 14 15 |
---------------+----------------------------------------------+-----
Dodging        | 1 2 3 4 5 7 9 10 | 10.9
Fighting       | 4 5 6 7 8 9 10 11 12 13 14 16 | 16.0
Maces & Flails | 3 4 5 6 7 9 10 11 12 13 14 15 | 15.8
Armour         | 4 5 6 8 9 10 | 10.0
Invocations    | 4 7 8 9 10 | 10.6
Spellcasting   | 2 6 9 |  9.6
Charms         | 4 6 7 |  7.1
Evocations     | 2 |  2.4
Shields        | |  3.6

Action                   |  1- 3 |  4- 6 |  7- 9 | 10-12 | 13-15 || total
-------------------------+-------+-------+-------+-------+-------++-------
Melee: Flail             |   113 |    49 |       |       |       ||   162
       Headbutt          |    14 |    24 |    55 |   158 |   257 ||   508
       War axe           |       |    73 |   336 |   286 |       ||   695
       Morningstar       |       |       |       |   428 |     6 ||   434
       Great mace        |       |       |       |    79 |  1017 ||  1096
       Dire flail        |       |       |       |       |   119 ||   119
 Fire: Hunting sling     |       |       |       |       |    56 ||    56
Throw: Tomahawk          |       |       |     2 |     8 |     4 ||    14
 Cast: Infusion          |       |       |       |       |     5 ||     5
       Song of Slaying   |       |       |       |       |     1 ||     1
Invok: Heroism           |       |       |       |     1 |     1 ||     2
       Finesse           |       |       |       |     2 |     7 ||     9
Evoke: Wand              |       |       |     2 |    13 |    19 ||    34
       Lightning rod     |       |       |       |       |     4 ||     4
  Use: Potion            |       |     1 |     3 |     5 |    11 ||    20
       Scroll            |       |     6 |    13 |    16 |    16 ||    51
 Stab: Petrified         |       |       |       |       |     8 ||     8
       Distracted        |       |       |       |       |     1 ||     1
  Eat: Chunk             |     1 |     6 |     8 |    33 |    50 ||    98
       Royal jelly       |       |       |     1 |     6 |       ||     7
       Meat ration       |       |       |     1 |       |       ||     1
       Fruit             |       |       |       |     1 |       ||     1
Armor: Scale mail        |    80 |    45 |       |       |       ||   125
       Chain mail        |       |     7 |   184 |   280 |       ||   471
       Plate armour      |       |       |       |   219 |   775 ||   994
Dodge: Dodged            |    58 |    48 |   104 |   251 |   553 ||  1014
Block: Shield            |    76 |    77 |   172 |   453 |       ||   778
       Other             |       |       |       |    15 |   243 ||   258

Table legend:
 A = Spawn XP
 B = Non-spawn XP
 C = Spawn XP percentage of total XP
 D = Spawn monster count
 E = Non-spawn monster count
 F = Spawn count percentage of total count
 G = Total turns spent on level
                    A         B        C        D         E        F      G
               +---------+---------+-------+---------+---------+-------+---------
         Total |       0 |  147477 |   0.0 |       0 |     766 |   0.0 | 34013
               +---------+---------+-------+---------+---------+-------+---------
           D:1 |       0 |      21 |   0.0 |       0 |      14 |   0.0 |   619
           D:2 |       0 |      90 |   0.0 |       0 |      28 |   0.0 |   853
           D:3 |       0 |      80 |   0.0 |       0 |      28 |   0.0 |   817
           D:4 |       0 |     416 |   0.0 |       0 |      24 |   0.0 |   658
           D:5 |       0 |     697 |   0.0 |       0 |      32 |   0.0 |   939
           D:6 |       0 |     805 |   0.0 |       0 |      30 |   0.0 |  1124
           D:7 |       0 |     501 |   0.0 |       0 |       9 |   0.0 |  1053
           D:8 |       0 |    3042 |   0.0 |       0 |      22 |   0.0 |  2488
           D:9 |       0 |    4001 |   0.0 |       0 |      42 |   0.0 |  1724
          D:10 |       0 |   10657 |   0.0 |       0 |      78 |   0.0 |  3276
          D:11 |       0 |    3231 |   0.0 |       0 |      13 |   0.0 |   959
          D:12 |       0 |    7169 |   0.0 |       0 |      30 |   0.0 |  1843
          D:13 |       0 |    7740 |   0.0 |       0 |      43 |   0.0 |  1116
          D:14 |       0 |    6519 |   0.0 |       0 |      22 |   0.0 |  1128
          D:15 |       0 |   18882 |   0.0 |       0 |      32 |   0.0 |  2126
        Lair:1 |       0 |    4862 |   0.0 |       0 |      25 |   0.0 |  1412
        Lair:2 |       0 |    3931 |   0.0 |       0 |      12 |   0.0 |  1313
        Lair:3 |       0 |    4667 |   0.0 |       0 |      17 |   0.0 |  1744
        Lair:4 |       0 |    8345 |   0.0 |       0 |      28 |   0.0 |  1583
        Lair:5 |       0 |    7245 |   0.0 |       0 |      22 |   0.0 |  1150
        Lair:6 |       0 |   34829 |   0.0 |       0 |      92 |   0.0 |  2667
         Orc:1 |       0 |    3930 |   0.0 |       0 |      18 |   0.0 |  1007
         Orc:2 |       0 |    4737 |   0.0 |       0 |      29 |   0.0 |   274
       Ossuary |       0 |     232 |   0.0 |       0 |      31 |   0.0 |   339
         IceCv |       0 |   10848 |   0.0 |       0 |      45 |   0.0 |  1703
               +---------+---------+-------+---------+---------+-------+---------
